 Dungeon Crawl Stone Soup version 0.28.0 (webtiles) character file.

Game seed: 46272218722620894

1311 Sanktem7 the Covered (level 8, 0/70 HPs)
             Began as a Minotaur Fighter on Feb 9, 2022.
             Was an Initiate of Makhleb.
             Succumbed to a scorpion's poison
             ... on level 7 of the Dungeon.
             The game lasted 00:16:15 (4890 turns).

Sanktem7 the Covered (Minotaur Fighter)             Turns: 4890, Time: 00:16:16

Health: 0/70       AC: 12    Str: 20 (22) XL:     8   Next: 32%
Magic:  7/7        EV:  9    Int:  2 (5)  God:    Makhleb [......]
Gold:   65         SH:  8    Dex:  8 (11) Spells: 7/7 levels left

rFire   . . .      SeeInvis .   r - +2 scimitar (holy)
rCold   + . .      Faith    .   y - +0 kite shield
rNeg    . . .      Spirit   .   v - +2 ring mail {rC+}
rPois   .          Reflect  .   (helmet restricted)
rElec   .          Harm     .   t - +0 cloak
rCorr   .          Rampage  .   a - +0 pair of gloves
Will    .....                   m - +0 pair of boots
Stlth   +.........              (no amulet)
HPRegen 0.21/turn               (no ring)
MPRegen 0.10/turn               (no ring)

@: lethally poisoned (0 -> -6), very slow
A: horns 2, retaliatory headbutt
a: Renounce Religion


You were on level 7 of the Dungeon.
You worshipped Makhleb.
Makhleb was noncommittal.
You visited 2 branches of the dungeon, and saw 8 of its levels.

You collected 290 gold pieces.
You spent 225 gold pieces at shops.

Inventory:

Hand Weapons
 o - a +4 short sword of draining
 r - a +2 scimitar of holy wrath (weapon)
Missiles
 e - 10 javelins (quivered)
Armour
 a - a +0 pair of gloves (worn)
 m - a +0 pair of boots (worn)
 t - a +0 cloak (worn)
 v - a +2 ring mail of cold resistance (worn)
 y - a +0 kite shield (worn)
Wands
 u - a wand of polymorph (3)
 x - a wand of paralysis (9)
Scrolls
 c - a scroll of enchant weapon
 g - 4 scrolls of teleportation
 p - a scroll of amnesia
Potions
 d - 3 potions of might
 f - 2 potions of brilliance
 i - 4 potions of curing
 j - 2 potions of haste
 l - 2 potions of degeneration
 w - a potion of heal wounds
 z - a potion of invisibility


   Skills:
 + Level 5.8 Fighting
 + Level 4.1(5.5) Short Blades
 + Level 6.0(6.8) Long Blades
 + Level 0.2 Throwing
 + Level 7.2 Armour
 + Level 3.1 Dodging
 + Level 1.1 Stealth
 + Level 5.2 Shields


You had 7 spell levels left.
You didn't know any spells.
Your spell library contained the following spells:

 Spells                   Type           Power      Damage    Failure   Level
 Frozen Ramparts          Ice            0%         1d2       100%        3
 Ice Form                 Ice/Tmut       0%         N/A       100%        4
 Summon Ice Beast         Ice/Summ       0%         N/A       100%        4


Dungeon Overview and Level Annotations

Branches:
Dungeon (7/15)             Temple (1/1) D:5

Altars:
Cheibriados
Dithmenos
Elyvilon
Gozag
Hepliaklqana
Makhleb
Nemelex Xobeh
Qazlal
Sif Muna
Vehumet
Wu Jian
Yredelemnul
Zin

Shops:
D:6 [[*


Innate Abilities, Weirdness & Mutations

You have a pair of horns on your head.
You reflexively headbutt those who attack you in melee.


Message History

The electric eel shoots out a bolt of lightning at you!
The bolt of electricity hits the electric eel.
The electric eel completely resists.
The bolt of electricity hits you.
* * * LOW HITPOINT WARNING * * *
You feel much better.
The electric eel shoots out a bolt of lightning at you!
The bolt of electricity hits the electric eel.
The electric eel completely resists.
The bolt of electricity hits you.
* * * LOW HITPOINT WARNING * * *
The scorpion stings you but does no damage.
You slash the scorpion!
The scorpion is heavily wounded.
The scorpion stings you.
* * * LOW HITPOINT WARNING * * *
You are poisoned.
The scorpion poisons you!
The electric eel shoots out a bolt of lightning at you!
The bolt of electricity hits the electric eel.
The electric eel completely resists.
The bolt of electricity hits you.
* * * LOW HITPOINT WARNING * * *
You closely miss the scorpion. You headbutt the scorpion!
You kill the scorpion!
Makhleb accepts your kill.
* * * LOW HITPOINT WARNING * * *
You feel very sick.
Your Stealth skill increases to level 1!
The helpless electric eel fails to defend itself.
You slice the electric eel!!
You kill the electric eel!
Makhleb accepts your kill.
You hear a splash.
* * * LOW HITPOINT WARNING * * *
You feel very sick.
The electric eel shoots out a bolt of lightning at you!
The bolt of electricity hits you.
* * * LOW HITPOINT WARNING * * *
Your Long Blades skill increases to level 6!
You enter the shallow water.
Moving in this stuff is going to be slow.
You die...

***,,,,,*,,,,,,,,,**,,,,>***,,,,*
,,,,,,,,*.........##...#***,,,,,,
,,,,,,,................##,,,,,,,*
****≈≈,≈.≈..≈..).........,,,,,,,,
≈≈≈≈≈≈≈≈≈P≈≈..≈P..≈≈≈P.≈≈..≈..##.
≈≈≈≈≈≈≈≈≈≈≈≈≈≈≈≈≈≈≈≈≈≈≈≈≈≈≈≈≈..#.
*≈≈≈≈≈,P≈≈≈≈≈≈≈≈≈≈≈≈≈≈≈≈≈≈≈≈.P...
***≈,≈,≈≈≈≈≈≈P≈≈≈≈≈≈≈≈≈≈≈≈≈P≈≈≈..
,,≈≈,,,.≈..≈≈≈SS@≈≈≈≈≈≈≈≈≈≈≈≈≈≈.≈
,,,,,,,..............≈≈≈≈≈≈≈≈≈z≈≈
,,,,,,,..##..#.##....≈.≈≈≈≈P≈≈≈z.
,,,,,,,..#...#.#..........≈≈≈≈≈zz
,*,,,,,............#.......≈≈≈≈≈≈
,,,,,,,........#..###.......≈.≈≈≈
,,,,,,,|......###.# #..........≈≈
,,,**,,.......* #.###......(...#≈
,,,*,,,.......* #..............##


You could see 2 electric eels.

Vanquished Creatures
  Eustachio (D:5)
  2 necrophages
  Blork the orc (D:5)
  2 scorpions
  A water moccasin zombie (D:6)
  A water moccasin skeleton (D:6)
  2 electric eels (D:7)
  A howler monkey (D:6)
  A centaur zombie (D:6)
  A jelly (D:6)
  Crazy Yiuf (D:3)
  A centaur skeleton (D:6)
  4 hounds
  A bullfrog skeleton (D:6)
  Ijyb (D:4)
  4 orc wizards
  An iguana (D:5)
  A killer bee zombie (D:4)
  A howler monkey zombie (D:6)
  5 adders
  An ufetubus (D:5)
  3 dart slugs
  20 orcs
  10 ball pythons
  3 endoplasms
  6 giant cockroaches
  4 goblins
  8 hobgoblins
  7 jackals
  6 bats
  4 frilled lizards
  6 kobolds
  3 rats
114 creatures vanquished.

Vanquished Creatures (others)
  A plant (D:7)
1 creature vanquished.

Grand Total: 115 creatures vanquished

Notes
Turn   | Place    | Note
-------+----------+-------------------------------------------
     0 | D:1      | Sanktem7 the Minotaur Fighter began the quest for the Orb.
     0 | D:1      | Reached XP level 1. HP: 19/19 MP: 0/0
   174 | D:1      | Reached XP level 2. HP: 23/27 MP: 1/1
   225 | D:1      | Reached skill level 4 in Armour
   565 | D:1      | Reached XP level 3. HP: 33/33 MP: 2/2
   875 | D:2      | Found a faded altar of an unknown god.
   875 | D:2      | Noticed a green death
  1516 | D:3      | Found a shimmering blue altar of Sif Muna.
  1594 | D:3      | Reached XP level 4. HP: 31/40 MP: 3/3
  1712 | D:3      | Reached skill level 1 in Short Blades
  1834 | D:3      | Reached XP level 5. HP: 47/47 MP: 4/4
  2149 | D:3      | Found a runed translucent door.
  2150 | D:3      | Noticed Crazy Yiuf
  2159 | D:3      | Killed Crazy Yiuf
  2160 | D:3      | Reached skill level 5 in Armour
  2595 | D:4      | Reached skill level 1 in Dodging
  2703 | D:4      | Noticed Ijyb
  2711 | D:4      | Killed Ijyb
  2795 | D:4      | Reached XP level 6. HP: 53/53 MP: 5/5
  3088 | D:4      | Found a hazy altar of Hepliaklqana.
  3140 | D:5      | Entered Level 5 of the Dungeon
  3194 | D:5      | Identified a scroll of acquirement
  3194 | D:5      | Acquired a +1 scimitar of holy wrath
  3218 | D:5      | Noticed Eustachio
  3227 | D:5      | Killed Eustachio
  3228 | D:5      | Reached skill level 6 in Armour
  3228 | D:5      | Reached XP level 7. HP: 37/60 MP: 6/6
  3717 | D:5      | Found a staircase to the Ecumenical Temple.
  3796 | D:5      | Noticed Blork the orc
  3803 | D:5      | Killed Blork the orc
  3804 | D:5      | Reached skill level 5 in Fighting
  4151 | Temple   | Entered the Ecumenical Temple
  4246 | Temple   | Became a worshipper of Makhleb the Destroyer
  4324 | D:6      | Reached skill level 5 in Shields
  4326 | D:6      | Reached skill level 5 in Long Blades
  4336 | D:6      | Reached XP level 8. HP: 60/69 MP: 7/7
  4348 | D:6      | Reached skill level 7 in Armour
  4422 | D:6      | Found Wimoyl's General Store.
  4430 | D:6      | Bought a potion of heal wounds for 55 gold pieces
  4462 | D:6      | Found Uxketoha's Antique Armour Shop.
  4472 | D:6      | Bought a kite shield for 94 gold pieces
  4530 | D:6      | Found a white marble altar of Elyvilon.
  4534 | D:6      | Found Ruipn's Antique Armour Emporium.
  4542 | D:6      | Bought a pair of gloves for 76 gold pieces
  4889 | D:7      | Reached skill level 1 in Stealth
  4889 | D:7      | HP: 2/70 [electric eel/bolt of electricity (3)]
  4890 | D:7      | Succumbed to a scorpion's poison

Illustrated notes

Levels and vault maps discovered:
D:1:      lemuel_arrival_cross, layout_basic
D:2:      layout_basic, dreamdust_ecumenical_altar_sealed_demon
D:3:      layout_loops_cross, mainiacjoe_overflow_concentric_impassable,
          uniq_crazy_yiuf_cottage
D:4:      layout_rooms, nzn_hepliaklqana_mist_gate, serial_bayou_pond_d,
          uniq_ijyb
D:5:      layout_loops_ring, lemuel_temple_firewalk_b, uniq_eustachio,
          uniq_blork_the_orc
D:6:      layout_cave_pools, mainiacjoe_overflow_chevrons, serial_shops,
          nicolae_diamond_shop, nicolae_shop_competitors_out_of_business,
          shop_fountains
D:7:      layout_cave_pools, chequers_big_river, uniq_harold
Temple:   eino_temple_lava

Skill      XL: |  1  2  3  4  5  6  7  8 |
---------------+-------------------------+-----
Armour         | 4 5 6 7 |  7.2
Shields        | 4 5 |  5.2
Fighting       | 4 5 |  5.8
Long Blades    | 3 4 5 6 |  6.0
Short Blades   | 1 2 3 4 |  4.1
Dodging        | 1 2 3 |  3.1
Stealth        | 1 |  1.1
Throwing       | |  0.2

Action                   |  1- 3 |  4- 6 |  7- 9 || total
-------------------------+-------+-------+-------++-------
Melee: Long sword        |    73 |       |       ||    73
       Headbutt          |    12 |    13 |     9 ||    34
       Short sword       |    20 |    98 |       ||   118
       Scimitar          |       |     8 |    68 ||    76
Throw: Javelin           |       |       |     2 ||     2
Evoke: Wand              |       |       |     2 ||     2
  Use: Scroll            |     3 |     2 |     3 ||     8
       Potion            |       |       |     8 ||     8
 Stab: Invisible         |       |       |     3 ||     3
       Paralysed         |       |       |     1 ||     1
Armor: Scale mail        |    39 |    32 |       ||    71
       Ring mail         |       |    11 |    45 ||    56
Dodge: Dodged            |    40 |    29 |    39 ||   108
Block: Buckler           |    24 |    17 |    19 ||    60
       Kite shield       |       |       |     2 ||     2
